 Dungeon Crawl Stone Soup version 0.30-a0-824-g6c64550be9 (webtiles) character file.

Game seed: 10198707382832463928

4 sircluck the Sneak (level 1, 0/22 HPs)
             Began as a Troll Delver on Feb 27, 2023.
             Slain by an orc
             ... wielding a +0 dagger
              (2 damage)
             ... on level 5 of the Dungeon.
             The game lasted 00:00:07 (93 turns).

sircluck the Sneak (Troll Delver)                     Turns: 93, Time: 00:00:08

Health: 0/22       AC:  4    Str: 19    XL:     1   Next: 50%
Magic:  0/0        EV:  9    Int:  6    God:
Gold:   0          SH:  0    Dex: 11    Spells: 0/0 levels left

rFire   . . .      SeeInvis .      - Unarmed
rCold   . . .      Faith    .    (no shield)
rNeg    . . .      Spirit   .    a - +0 robe
rPois   .          Reflect  .    (helmet restricted)
rElec   .          Harm     .    (no cloak)
rCorr   .          Rampage  .    (gloves unavailable)
Will    .....                    (boots unavailable)
Stlth   ++                       (no amulet)
HPRegen 1.03/turn                (no ring)
MPRegen 0.07/turn                (no ring)

@: no status effects
A: large, unfitting armour, claws 3, regeneration 1, shaggy fur 1, tough skin 1
a: no special abilities


You were on level 5 of the Dungeon.
You visited 1 branch of the dungeon, and saw 1 of its levels.

Inventory:

Armour
 a - a +0 robe (worn)
Wands
 f - a wand of digging (3)
Scrolls
 b - a scroll of fog
 c - a scroll of magic mapping
 d - a scroll of fear
 g - a scroll of identify {unknown}
 h - a scroll of poison {unknown}
Potions
 e - a potion of haste


   Skills:
 + Level 2.4 Fighting
 + Level 1.6 Dodging
 + Level 2.8 Stealth
 + Level 2.0 Unarmed Combat


You couldn't memorise any spells.
You didn't know any spells.
Your spell library was empty.

Dungeon Overview and Level Annotations

Branches:
Dungeon (5/15)
 Temple: D:4-7

Altars:


Innate Abilities, Weirdness & Mutations

You are too large for most types of armour.
You have claws for hands.
Your natural rate of healing is unusually fast.
You are covered in fur. (AC +1)
You have tough skin. (AC +1)


Message History

You completely miss the orc. The orc barely misses you.
The orc hits you with a +0 vampiric morningstar!
Ouch! That really hurt!
The orc hits you with a +0 club.
You are too injured to fight recklessly!
You are too injured to fight recklessly!
You are too injured to fight recklessly!
You are too injured to fight recklessly!
You are too injured to fight recklessly!
You are too injured to fight recklessly!
You are too injured to fight recklessly!
You are too injured to fight recklessly!
You are too injured to fight recklessly!
You are too injured to fight recklessly!
You are too injured to fight recklessly!
You are too injured to fight recklessly!
Unknown command.
You are too injured to fight recklessly!
You scratch the orc.
The orc is almost dead.
The orc misses you. The orc closely misses you. The orc barely misses you.
You closely miss the orc.
The orc is almost dead.
You claw the orc!
You kill the orc!
The orc hits you with a +0 club. x2; The orc throws a boomerang.
The boomerang hits you but does no damage.
The orc hits you but does no damage. The orc completely misses you.
The orc closely misses you.
Things that are here:
a +0 vampiric morningstar; an orc corpse You closely miss the orc.
The orc hits you with a +0 club. The orc closely misses you.
The orc hits you with a +0 club.
* * * LOW HITPOINT WARNING * * *
You claw the orc!
You kill the orc!
The orc hits you with a +0 club.
* * * LOW HITPOINT WARNING * * *
The orc hits you with a +0 dagger.
You die...

.........[####
.#...........#
#.........###
######### #.##...##.#
#.......#.........#.#
#.......###.##.##.#.#
#.......# #.##.##.#.#
#......)###.##.##.#.#
#.....o@.)........#.#
#......o###.##.####.#
........# #.##.#
#.......# #.?..#
#####.### #.#### ..
... .#. ..# .... #.#


You could see 2 orcs.

Vanquished Creatures
  3 orcs (D:5)
3 creatures vanquished.

Notes
Turn   | Place    | Note
-------+----------+-------------------------------------------
     0 | D:5      | sircluck the Troll Delver began the quest for the Orb.
     0 | D:5      | Reached XP level 1. HP: 22/22 MP: 0/0
    93 | D:5      | Slain by an orc

Illustrated notes

Levels and vault maps discovered:
D:5:      layout_basic, nicolae_overflow_hidden_temple

Action                     || total
---------------------------++-------
  Melee: Unarmed           ||     7
 Armour: Robe              ||     2
  Dodge: Dodged            ||     8

Table legend: (Time is in decaauts)
 A = Elapsed time spent in this place.
 B = Non-inter-level travel time spent in this place.
 C = Inter-level travel time spent in this place.
 D = Time resting spent in this place.
 E = Time spent auto-exploring this place.
 F = Levels seen in this place.
 G = Mean time per level.
                   A        B        C        D        E       F      G
               +--------+--------+--------+--------+--------+-----+--------+
         Total |     92 |     92 |      0 |      0 |     75 |   1 |   92.0 |
       Dungeon |     92 |     92 |      0 |      0 |     75 |   1 |   92.0 |
               +--------+--------+--------+--------+--------+-----+--------+

Top non-repeatable levels by time:
     D:5: 92 daAuts
